 Dungeon Crawl Stone Soup version 0.30-a0-360-g447f08457e (webtiles) character file.

Game seed: 553040438428570893

3703 lesbiats the Grappler (level 9, -6/92 HPs)
             Began as a Troll Fighter on Nov 14, 2022.
             Was a Follower of Wu Jian.
             Mangled by an orc knight
             ... wielding a +0 glaive
              (25 damage)
             ... in a bailey.
             The game lasted 00:32:08 (7364 turns).

lesbiats the Grappler (Troll Fighter)               Turns: 7364, Time: 00:32:09

Health: -6/92      AC:  8    Str: 26    XL:     9   Next: 91%
Magic:  8/8        EV:  9    Int:  8    God:    Wu Jian [*.....]
Gold:   431        SH: 14    Dex:  9    Spells: 8/8 levels left

rFire   . . .      SeeInvis .      - Unarmed
rCold   . . .      Faith    .    b - +0 kite shield
rNeg    . . .      Spirit   .    a - +0 robe
rPois   .          Reflect  +    (helmet restricted)
rElec   .          Harm     .    q - scarf {repulsion}
rCorr   .          Rampage  .    (gloves unavailable)
Will    .....                    (boots unavailable)
Stlth   +.........               B - amulet of reflection
HPRegen 1.15/turn                E - +4 ring of slaying
MPRegen 0.11/turn                K - +4 ring of protection

@: repel missiles
A: large, unfitting armour, claws 3, regeneration 1, shaggy fur 1, tough skin 1
a: Renounce Religion


You were in a bailey.
You worshipped Wu Jian.
Wu Jian was aware of your devotion.
You visited 2 branches of the dungeon, and saw 8 of its levels.
You also visited: Bailey.

You collected 431 gold pieces.

Inventory:

Missiles
 l - 7 javelins (quivered)
 t - 10 poisoned darts
Armour
 a - a +0 robe (worn)
 b - a +0 kite shield (worn)
 q - a scarf of repulsion (worn)
Jewellery
 x - an amulet of regeneration
 B - an amulet of reflection (around neck)
 E - a +4 ring of slaying (left claw)
 G - a ring of protection from cold
 K - a +4 ring of protection (right claw)
Wands
 v - a wand of charming (2)
 F - a wand of flame (19)
 I - a wand of quicksilver (6)
Scrolls
 d - a scroll of enchant weapon {unknown}
 h - 2 scrolls of noise
 j - 5 scrolls of identify {unknown}
 m - a scroll of amnesia {unknown}
 n - a scroll of immolation {unknown}
 r - a scroll of silence {unknown}
 u - a scroll of poison {unknown}
 y - 7 scrolls of teleportation
 C - a scroll of magic mapping {unknown}
 D - a scroll of fear {unknown}
 J - a scroll of enchant armour {unknown}
Potions
 c - 3 potions of might
 e - 3 potions of flight {unknown}
 f - 3 potions of attraction {unknown}
 g - a potion of curing {unknown}
 i - 7 potions of heal wounds
 k - 4 potions of haste {unknown}
 o - a potion of berserk rage {unknown}
 p - 2 potions of resistance {unknown}
 s - 3 potions of degeneration {unknown}
 w - a potion of brilliance {unknown}
 z - 2 potions of ambrosia {unknown}
 A - a potion of cancellation {unknown}
 L - a potion of mutation {unknown}


   Skills:
 + Level 6.4 Fighting
 + Level 3.0 Dodging
 + Level 7.0 Shields
 * Level 10.2 Unarmed Combat


You had 8 spell levels left.
You didn't know any spells.
Your spell library contained the following spells:

 Spells                   Type           Power      Damage    Failure   Level
 Beastly Appendage        Tmut           0%         N/A       65%         1
 Magic Dart               Conj           0%         1d3       65%         1
 Call Imp                 Summ           0%         N/A       80%         2
 Wereblood                Tmut           0%         N/A       80%         2
 Mephitic Cloud           Conj/Pois/Air  0%         N/A       95%         3
 Spider Form              Tmut/Pois      0%         N/A       95%         3
 Passage of Golubria      Tloc           0%         N/A       100%        4
 Silence                  Hex/Air        0%         N/A       100%        5
 Lehudib's Crystal Spear  Conj/Erth      0%         10d2      100%        8


Dungeon Overview and Level Annotations

Branches:
Dungeon (7/15)             Temple (1/1) D:6          Bailey (1/1)

Altars:
Ashenzari
Cheibriados
Dithmenos
Fedhas
Gozag
Kikubaaqudgha
Nemelex Xobeh
Okawaru
Qazlal
Sif Muna
Trog
Uskayaw
Vehumet
Wu Jian
Xom
Zin
The Shining One

Annotations:
D:3 exclusion: statue


Innate Abilities, Weirdness & Mutations

You are too large for most types of armour.
You have claws for hands.
Your natural rate of healing is unusually fast.
You are covered in fur. (AC +1)
You have tough skin. (AC +1)


Message History

The orc knight struggles against the net.
The orc warrior struggles against the net.
The orc knight struggles against the net.
There is an open door here.
The orc warrior struggles against the net.
The orc knight struggles against the net.
The orc warrior struggles against the net.
The orc knight struggles against the net.
The net rips apart, and the orc knight comes free!
Throw: 12 darts (poison)
Press: ? - help, Shift-Dir - straight line, f/p - orc knight
Aim: an orc knight, wielding a +0 glaive and wearing a +0 chain mail (lightly wounded, 60% to hit)
You throw a poisoned dart. The poisoned dart hits the orc knight.
The orc knight is poisoned.
The orc knight is lightly wounded.
The orc warrior struggles against the net.
The net rips apart, and the orc warrior comes free!
Throw: 11 darts (poison)
Press: ? - help, Shift-Dir - straight line, f/p - orc knight
Aim: an orc knight, wielding a +0 glaive and wearing a +0 chain mail (lightly wounded, poisoned, 60% to hit)
You throw a poisoned dart. The poisoned dart hits the orc knight.
The orc knight is lightly wounded.
Throw: 8 javelins
Press: ? - help, Shift-Dir - straight line, f/p - orc knight
Aim: an orc knight, wielding a +0 glaive and wearing a +0 chain mail (lightly wounded, poisoned, 60% to hit)
You throw a javelin.
The javelin barely misses the orc knight.
The javelin closely misses the orc warrior.
The orc knight hits you from afar with a +0 glaive.
You are too injured to fight recklessly!
You lunge at the orc knight.
You closely miss the orc knight.
The orc knight is lightly wounded.
The orc warrior hits you from afar with a +0 trident!
You barely miss the orc knight.
The orc knight is lightly wounded.
The orc warrior no longer looks unusually strong.
The orc warrior hits you from afar with a +0 trident!
* * * LOW HITPOINT WARNING * * *
The orc knight hits you with a +0 glaive!!
You die...

#..))...#
#....)).#
#..#.#..#
#.##8##.#
#..#.#))#
#....)))#
#.......#
#.......#
##.o@..##
###'###
#.o.#
#.(.#
#.(.#
#...#
###(###
##..)..##
#...(...#


You could see an orc knight (poisoned) and an orc warrior.

Vanquished Creatures
  Grinder (D:4)
  A wraith (D:7)
  Eustachio (D:5)
  A water moccasin (D:6)
  Duvessa (D:5)
  4 orc warriors (Bailey)
  A sky beast (D:7)
  An ice beast (D:4)
  A centaur (D:5)
  3 ogres
  2 phantoms (D:7)
  4 bullfrogs
  4 necrophages
  4 wights
  3 scorpions
  Dowan (D:5)
  4 killer bees (D:6)
  5 howler monkeys
  3 orc priests
  A gnoll bouda (D:6)
  A hound (D:5)
  A jelly (D:5)
  2 scorpion zombies (D:4)
  Ijyb (D:3)
  Jessica (D:3)
  An iguana (D:5)
  Terence (D:3)
  Natasha (thrice) (D:4)
  An orc wizard (D:5)
  9 gnolls
  4 adders
  2 white imps
  2 adder zombies (D:4)
  2 worms
  35 orcs
  10 ball pythons
  10 bats
  6 endoplasms
  5 giant cockroaches
  8 goblins
  4 hobgoblins
  3 jackals (D:4)
  12 kobolds
  4 quokkas
  4 frilled lizards (D:1)
  3 rats
  2 bushes (D:4)
183 creatures vanquished.

Vanquished Creatures (others)
  8 plants (D:4)
8 creatures vanquished.

Grand Total: 191 creatures vanquished

Notes
Turn   | Place    | Note
-------+----------+-------------------------------------------
     0 | D:1      | lesbiats the Troll Fighter began the quest for the Orb.
     0 | D:1      | Reached XP level 1. HP: 22/22 MP: 0/0
   150 | D:1      | Reached XP level 2. HP: 27/29 MP: 1/1
   381 | D:1      | Reached XP level 3. HP: 36/36 MP: 2/2
   601 | D:2      | Reached skill level 3 in Unarmed Combat
  1083 | D:3      | Found a broken altar of Ashenzari.
  1086 | D:3      | Noticed Jessica
  1089 | D:3      | Reached XP level 4. HP: 45/45 MP: 3/3
  1094 | D:3      | Noticed Terence
  1095 | D:3      | Killed Jessica
  1104 | D:3      | Killed Terence
  1105 | D:3      | Reached skill level 4 in Unarmed Combat
  1105 | D:3      | Reached XP level 5. HP: 43/53 MP: 4/4
  1526 | D:3      | Noticed Ijyb
  1543 | D:3      | Killed Ijyb
  1562 | D:3      | Found a radiant altar of Vehumet.
  1562 | D:3      | Noticed a charred statue
  1978 | D:4      | Found a blossoming altar of Fedhas.
  2082 | D:4      | You fall into a shaft and drop 1 floor!
  2082 | D:5      | Entered Level 5 of the Dungeon
  2132 | D:4      | Found an opulent altar of Gozag.
  2132 | D:4      | Found a stormy altar of Qazlal.
  2229 | D:4      | Found a bloodstained altar of Trog.
  2286 | D:4      | Noticed Natasha
  2291 | D:4      | Killed Natasha
  2292 | D:4      | Reached XP level 6. HP: 59/61 MP: 5/5
  2330 | D:4      | Noticed Natasha
  2343 | D:4      | Killed Natasha
  2605 | D:4      | Noticed Natasha
  2611 | D:4      | Killed Natasha
  2612 | D:4      | Reached skill level 5 in Unarmed Combat
  2781 | D:4      | Reached XP level 7. HP: 68/68 MP: 6/6
  2952 | D:4      | Reached skill level 6 in Unarmed Combat
  3221 | D:5      | Noticed Eustachio
  3622 | D:5      | Reached XP level 8. HP: 55/74 MP: 7/7
  3860 | D:5      | Reached skill level 5 in Shields
  3871 | D:5      | Reached skill level 7 in Unarmed Combat
  3964 | D:5      | Noticed Grinder
  4511 | D:4      | Killed Grinder
  4512 | D:4      | Reached skill level 5 in Fighting
  4635 | D:5      | Reached skill level 8 in Unarmed Combat
  4665 | D:5      | Noticed Dowan
  4936 | D:5      | Killed Eustachio
  4954 | D:5      | Noticed Duvessa
  4964 | D:5      | Killed Duvessa
  5211 | D:5      | Killed Dowan
  5212 | D:5      | Reached XP level 9. HP: 69/88 MP: 8/8
  5508 | D:6      | Found a staircase to the Ecumenical Temple.
  5513 | Temple   | Entered the Ecumenical Temple
  5683 | D:6      | Reached skill level 9 in Unarmed Combat
  6714 | D:7      | Found a shimmering blue altar of Sif Muna.
  6766 | D:7      | Found an ancient bone altar of Kikubaaqudgha.
  6855 | D:7      | Found an ornate altar of the Wu Jian Council.
  6861 | D:7      | Became a worshipper of the Wu Jian Council
  6952 | D:7      | Found a glowing golden altar of the Shining One.
  6994 | D:7      | Reached skill level 10 in Unarmed Combat
  7118 | D:7      | Found a flagged portal.
  7133 | Bailey   | Entered a bailey
  7229 | Bailey   | Reached * piety under Wu Jian
  7325 | Bailey   | Noticed an orc knight
  7364 | Bailey   | Mangled by an orc knight

Illustrated notes

Levels and vault maps discovered:
D:1:      minmay_arrival_widening_spiral_wide, layout_rooms
D:2:      layout_basic, chequers_serial_rivers_micro_d
D:3:      layout_rooms, vehumet_statue, mainiacjoe_overflow_alcove_1,
          uniq_jessica, uniq_ijyb, uniq_terence
D:4:      layout_cave_pods, fedhas_altar_decomposition,
          gammafunk_temple_overflow_elements, mainiacjoe_overflow_chevrons,
          uniq_natasha
D:5:      layout_loops_cross, uniq_eustachio, uniq_duvessa, uniq_grinder
D:6:      layout_loops_corners, temple_doors_e, chequers_serial_rivers_large_a,
          lemuel_flamethrower_2
D:7:      layout_cave_pods, lemuel_tele_altar, nicolae_tso_swordbearing_angel,
          mainiacjoe_overflow_six_doors_small, mainiacjoe_overflow_catwalk,
          enter_bailey_3, grunt_decor_resistance
Temple:   nicolae_temple_ecumenical_triangle
Bailey:   bailey_polearm_5, bailey

Skill      XL: |  1  2  3  4  5  6  7  8  9 |
---------------+----------------------------+-----
Shields        | 3 4 6 7 |  7.0
Unarmed Combat | 3 4 5 6 8 10 | 10.2
Fighting       | 3 4 5 6 |  6.4
Dodging        | 3 |  3.0

Action                   |  1- 3 |  4- 6 |  7- 9 || total
-------------------------+-------+-------+-------++-------
Melee: Unarmed           |   137 |   150 |   239 ||   526
Throw: Javelin           |       |       |     9 ||     9
       Dart              |       |       |    16 ||    16
       Throwing net      |       |       |     2 ||     2
Invok: Lunge             |       |       |     9 ||     9
       Whirlwind         |       |       |     1 ||     1
  Use: Scroll            |       |       |     2 ||     2
       Potion            |       |       |     1 ||     1
 Stab: Sleeping          |     1 |       |       ||     1
Armor: Robe              |    39 |    33 |    41 ||   113
Dodge: Dodged            |    37 |    45 |    95 ||   177
       Repelled          |       |     1 |     1 ||     2
Block: Kite shield       |    63 |    46 |   175 ||   284
       Reflection        |       |       |     5 ||     5

Table legend: (Time is in decaauts)
 A = Elapsed time spent in this place.
 B = Non-inter-level travel time spent in this place.
 C = Inter-level travel time spent in this place.
 D = Time resting spent in this place.
 E = Time spent auto-exploring this place.
 F = Levels seen in this place.
 G = Mean time per level.
                   A        B        C        D        E       F      G
               +--------+--------+--------+--------+--------+-----+--------+
         Total |   7408 |   6530 |    878 |   1433 |   3147 |   9 |  823.1 |
       Dungeon |   7127 |   6261 |    866 |   1410 |   3107 |   7 | 1018.1 |
        Temple |     49 |     37 |     12 |      0 |     36 |   1 |   49.0 |
        Bailey |    232 |    232 |      0 |     23 |      4 |   1 |  232.0 |
               +--------+--------+--------+--------+--------+-----+--------+

Top non-repeatable levels by time:
     D:4: 2090 daAuts
     D:5: 1555 daAuts
     D:6: 1261 daAuts
     D:3: 747 daAuts
     D:1: 604 daAuts
     D:2: 448 daAuts
     D:7: 419 daAuts
  Bailey: 232 daAuts
  Temple: 49 daAuts
